 Dungeon Crawl Stone Soup version 0.25-a0-940-gc6eaff51cc (webtiles) character file.

Game seed: 7651800012315368803, levelgen mode: deterministic

74209 kae the Fighter (level 15, -2/127 HPs)
             Began as a Merfolk Ice Elementalist on May 5, 2020.
             Was an Elder of Sif Muna.
             Slain by a vampire (9 damage)
             ... on level 12 of the Dungeon.
             The game lasted 00:39:24 (29062 turns).

kae the Fighter (Merfolk Ice Elementalist)         Turns: 29062, Time: 00:39:26

Health: -2/127     AC: 14    Str:  9    XL:     15   Next: 46%
Magic:  24/24      EV: 21    Int: 21    God:    Sif Muna [****..]
Gold:   610        SH:  0    Dex: 17    Spells: 11/26 levels left

rFire    + + .     SeeInvis .   z - +3 Elemental Staff {rElec rF++ rC++ MR++ AC+5}
rCold    + + .     Gourm    .   (no shield)
rNeg     . . .     Faith    .   E - +2 steam dragon scales
rPois    .         Spirit   .   (no helmet)
rElec    +         Reflect  .   (no cloak)
rCorr    +         Harm     .   d - +1 pair of gloves of Jutenk {rCorr Dex+3}
MR       +++..                  (no boots)
Stlth    ++........             M - amulet of magic regeneration
HPRegen  0.31/turn              l - ring of flight
MPRegen  0.44/turn              L - +2 ring of evasion

@: lightly drained
A: change form in water, swift swim, stealthy swim
a: Channel Magic, Forget Spell, Divine Exegesis, Renounce Religion, Evoke Flight


You were on level 12 of the Dungeon.
You worshipped Sif Muna.
Sif Muna was greatly pleased with you.
You were not hungry.

You visited 3 branches of the dungeon, and saw 19 of its levels.
You visited the Abyss 1 time.
You also visited: Sewer, Bailey and Gauntlet.

You collected 1135 gold pieces.
You spent 525 gold pieces at shops.

Inventory:

Hand Weapons
 f - a +1 spear
 z - the +3 Elemental Staff (weapon) {rElec rF++ rC++ MR++ AC+5}
   (You found it on level 6 of the Dungeon)

   It affects your AC (+5).
   It greatly protects you from fire.
   It greatly protects you from cold.
   It insulates you from electricity.
   It affects your resistance to hostile enchantments.
Armour
 d - the +1 pair of gloves of Jutenk (worn) {rCorr Dex+3}
   (You bought it in a shop on level 10 of the Dungeon)

   It affects your dexterity (+3).
   It provides partial protection from all sources of acid and corrosion.
 v - a +1 robe of magic resistance
 x - the +1 leather armour "Maphat" {Int+7 Dex-3}
   (You bought it in a shop on level 5 of the Dungeon)

   It affects your intelligence (+7).
   It affects your dexterity (-3).
 D - +0 acid dragon scales
 E - +2 steam dragon scales (worn)
Jewellery
 l - a ring of flight (left hand)
 o - an uncursed amulet of guardian spirit
 J - an uncursed amulet of the gourmand
 L - a +2 ring of evasion (right hand)
 M - an amulet of magic regeneration (around neck)
 R - an uncursed amulet of faith
Wands
 m - a wand of paralysis (12)
 s - a wand of polymorph (14)
 u - a wand of clouds (3)
 y - a wand of flame (31)
 C - a wand of enslavement (9)
 G - a wand of digging (7)
 H - a wand of acid (14)
 K - a wand of disintegration (8)
 Q - a wand of iceblast (10)
Scrolls
 a - a scroll of fog
 b - 4 scrolls of fear
 i - 2 scrolls of teleportation
 n - 6 scrolls of identify
 q - 3 scrolls of amnesia
 w - a scroll of blinking
 F - 7 scrolls of remove curse
 O - 2 scrolls of enchant weapon
 P - a scroll of summoning
Potions
 e - 3 potions of flight
 g - 7 potions of heal wounds
 h - 3 potions of might
 j - 2 potions of berserk rage
 k - 4 potions of brilliance
 p - 4 potions of lignification
 r - 3 potions of stabbing
 t - 8 potions of curing
 A - 2 potions of mutation
 B - 2 potions of haste
 I - a potion of magic
 N - a potion of ambrosia
Comestibles
 c - 20 rations


   Skills:
 - Level 14.3 Fighting
 + Level 7.2 Staves
 - Level 10.1(10.0) Dodging
 - Level 2.1 Stealth
 - Level 6.2 Spellcasting
 - Level 14.0(13.9) Ice Magic
 + Level 10.9 Invocations
 + Level 10.1 Evocations


You had 11 spell levels left.
You knew the following spells:

 Your Spells              Type           Power        Failure   Level  Hunger
a - Freeze                Ice            ####         1%          1    None
b - Frozen Ramparts       Ice            ######       1%          3    #......
c - Ozocubu's Armour      Chrm/Ice       ######..     1%          3    #......
d - Hailstorm             Conj/Ice       ######..     5%          4    ###....
e - Summon Ice Beast      Ice/Summ       ######..     5%          4    ###....

Your spell library contained the following spells:

 Spells                   Type           Power        Failure   Level  Hunger
 Ensorcelled Hibernation  Hex/Ice        ######       1%          2    None
 Ice Form                 Ice/Tmut       ######..     5%          4    ###....
 Apportation              Tloc           #.....       10%         1    None
 Beastly Appendage        Tmut           #.....       10%         1    None
 Magic Dart               Conj           #...         10%         1    None
 Shock                    Conj/Air       #...         10%         1    None
 Blink                    Tloc           N/A          14%         2    None
 Poisonous Vapours        Pois/Air       #.....       14%         2    None
 Searing Ray              Conj           #.....       14%         2    None
 Sticks to Snakes         Tmut           #.......     14%         2    None
 Dazzling Flash           Conj/Hex       #.....       28%         3    #......
 Ignite Poison            Fire/Tmut/Pois #.......     28%         3    #......
 Lesser Beckoning         Tloc           #.........   28%         3    #......
 Spider Form              Tmut/Pois      #.........   28%         3    #......
 Simulacrum               Ice/Necr       ######....   63%         6    ######.
 Fulminant Prism          Conj/Hex       #.........   67%         4    ###....
 Iskenderun's Mystic Bla  Conj/Tloc      #.......     67%         4    ###....
 Passage of Golubria      Tloc           N/A          67%         4    ###....
 Blade Hands              Tmut           #.........   95%         5    #####..
 Bolt of Magma            Conj/Fire/Erth ##........   95%         5    #####..
 Borgnjor's Vile Clutch   Necr/Erth      #.........   95%         5    #####..
 Irradiate                Conj/Tmut      #.........   95%         5    #####..
 Lightning Bolt           Conj/Air       #.........   95%         5    #####..
 Silence                  Hex/Air        #.........   95%         5    #####..
 Conjure Ball Lightning   Conj/Air       #.........   100%        6    ######.
 Darkness                 Hex            #.........   100%        6    ######.
 Eringya's Noxious Bog    Tmut/Pois      #.........   100%        6    ######.
 Hydra Form               Tmut           #.........   100%        6    ######.
 Shadow Creatures         Summ           N/A          100%        6    ######.
 Statue Form              Tmut/Erth      #........    100%        6    ######.
 Dragon Form              Tmut           #.........   100%        7    #######
 Chain Lightning          Conj/Air       #.........   100%        8    #######
 Lehudib's Crystal Spear  Conj/Erth      #.........   100%        8    #######


Dungeon Overview and Level Annotations

Branches:
Dungeon (12/15)            Temple (1/1) D:4            Lair (6/6) D:9
  Swamp (0/4) Lair:4       Spider (0/4) Lair:3        Slime (0/5) Lair:5
    Orc (0/2) D:10          Sewer (visited)          Bailey (visited)
Gauntlet (visited)

Altars:
Ashenzari
Cheibriados
Dithmenos
Elyvilon
Fedhas
Gozag
Hepliaklqana
Kikubaaqudgha
Makhleb
Nemelex Xobeh
Okawaru
Qazlal
Ru
Sif Muna
Trog
Uskayaw
Vehumet
Wu Jian
Xom
Yredelemnul
Zin
The Shining One
Jiyva

Shops:
D:5 [   D:6 =   D:10 (?%[?

Annotations:
D:6 2 transporters, kae's ghost, novice DsAK
Lair:1 1 runed translucent door, Malog's ghost, journeyman FoHu
Lair:5 3 runed translucent doors, Amnesiac's ghost, journeyman DEWz
Lair:6 exclusions: hydra and oklob plant


Message History

The vampire knight is almost destroyed.
The vampire knight is infused with unholy energy.
* * * LOW HITPOINT WARNING * * *
The vampire knight draws life force from you and is healed!
You hit the vampire knight but do no damage.
You electrocute the vampire knight!!
You destroy the vampire knight!
Sif Muna accepts your kill.
Something is blocking the doorway!
Something hits you.
* * * LOW HITPOINT WARNING * * *
Something barely misses you.
Okay, then.
You feel much better. Something hits you!
* * * LOW HITPOINT WARNING * * *
Something bites you but does no damage.
You hit something. Something hits you!
* * * LOW HITPOINT WARNING * * *
Something closely misses you.
You hit something.
You electrocute something!
Something hits you!
You die...

#≈≈.<(.........
.#≈≈(.....####..
.#≈≈..†...# .
#.#≈≈......#
##..#≈≈†.....#
##..##≈≈.##...#
##..##.≈≈.##...#
#.)##..≈≈.# ...#
#..#'@..≈≈.#
...#
....##...≈≈≈.#
..#
######...≈≈≈..#
≈≈≈≈≈≈≈...#
≈≈≈≈≈≈≈..#.#
..#.......#..# .
#.......#..#
#..?....# .#


There were no monsters in sight!

Vanquished Creatures
  Rupert (Lair:3)
  A vampire knight (D:12)
  Josephine (D:11)
  Erolcha (D:11)
  Harold (D:7)
  4 hydras
  6 two-headed ogres
  A vampire mage (D:12)
  5 death yaks (Lair:4)
  Sonja (D:11)
  An unseen horror (D:10)
  Pikel (D:7)
  A wolf spider (Lair:6)
  An ugly thing (D:11)
  6 black mambas
  A guardian serpent (Lair:6)
  3 elephants (Lair:3)
  Psyche (D:8)
  Maggie (D:7)
  14 spiny frogs
  A torpor snail (Lair:5)
  6 komodo dragons
  2 kobold demonologists (D:11)
  2 rime drakes
  4 hornets
  A polar bear (Lair:4)
  7 dream sheep (Lair:6)
  4 bog bodies (Lair:4)
  17 blink frogs
  8 hippogriffs
  8 flying skulls
  A shadow (D:12)
  29 yaks
  A vampire (D:12)
  3 redbacks
  4 wraiths (D:11)
  17 wyverns
  4 basilisks
  2 humans
  Grum (D:11)
  3 hogs (D:7)
  A warg (D:10)
  Edmund (D:4)
  16 water moccasins
  Duvessa (D:7)
  9 orc warriors
  17 porcupines
  4 ice beasts
  3 phantoms
  3 sky beasts
  A slave (D:7)
  A black bear (Lair:3)
  2 ogres
  4 wolves (D:11)
  3 necrophages
  11 centaurs
  9 crocodiles
  6 big kobolds
  14 bullfrogs
  Dowan (D:7)
  5 scorpions
  9 killer bees
  6 wights
  2 electric eels
  4 crimson imps
  5 jellies
  A centaur zombie (D:5)
  6 hounds
  2 bullfrog zombies
  A quasit (D:7)
  4 centaur skeletons
  9 orc priests
  5 orc wizards
  8 iguanas
  9 worker ants
  3 hell rats (D:12)
  3 hound skeletons
  16 adders
  2 river rats (Sewer)
  A shadow imp (D:5)
  An adder zombie (D:9)
  An ooze (D:1)
  2 adder skeletons
  A dart slug (D:4)
  5 leopard geckos
  45 orcs
  5 giant cockroaches
  3 goblins
  6 hobgoblins
  13 jackals
  5 quokkas
  A ball python (D:3)
  5 bats
  7 frilled lizards
  19 kobolds
  15 rats
519 creatures vanquished.

Vanquished Creatures (collateral kills)
  Nessos (D:12)
  A death yak (Lair:4)
  An orc knight (Bailey)
  A komodo dragon (Lair:2)
  A yak (D:9)
  A wight (D:9)
6 creatures vanquished.

Vanquished Creatures (others)
  A hippogriff (Lair:5)
  A worker ant (D:7)
  2 bushes (D:9)
  4 demonic plants (Gauntlet)
  9 fungi
  18 plants
35 creatures vanquished.

Grand Total: 560 creatures vanquished

Notes
Turn   | Place    | Note
-------+----------+-------------------------------------------
     0 | D:1      | kae the Merfolk Ice Elementalist began the quest for the
                  | Orb.
     0 | D:1      | Reached XP level 1. HP: 13/13 MP: 3/3
   303 | D:1      | Reached XP level 2. HP: 19/19 MP: 3/5
   865 | D:2      | Reached skill level 5 in Ice Magic
  1024 | D:2      | Reached XP level 3. HP: 24/24 MP: 1/6
  1380 | D:2      | Reached XP level 4. HP: 21/30 MP: 1/8
  2070 | D:3      | Learned a level 3 spell: Frozen Ramparts
  2244 | D:3      | Found a burning altar of Makhleb.
  2254 | D:3      | Reached XP level 5. HP: 32/35 MP: 1/9
  2500 | D:3      | Found a sparkling altar of Nemelex Xobeh.
  2510 | D:3      | Found a shimmering altar of Xom.
  3368 | D:4      | Noticed Edmund
  3391 | D:4      | Killed Edmund
  3391 | D:4      | Reached XP level 6. HP: 8/41 MP: 2/11
  3529 | D:4      | Found a shimmering altar of Xom.
  3530 | D:4      | Found a shimmering altar of Xom.
  3530 | D:4      | Found a shimmering altar of Xom.
  3533 | D:4      | Found a shimmering altar of Xom.
  3540 | D:4      | Found a staircase to the Ecumenical Temple.
  3549 | Temple   | Entered the Ecumenical Temple
  3846 | D:4      | Found a glowing drain.
  3866 | Sewer    | Entered a sewer
  4102 | Sewer    | Found a white marble altar of Elyvilon.
  4249 | D:4      | Found a hide-covered altar of Uskayaw.
  4249 | D:4      | Found a shimmering blue altar of Sif Muna.
  4257 | D:4      | Reached XP level 7. HP: 40/46 MP: 5/13
  4726 | D:4      | Became a worshipper of Sif Muna the Loreminder
  4751 | D:5      | Entered Level 5 of the Dungeon
  4982 | D:5      | Learned a level 3 spell: Ozocubu's Armour
  5183 | D:5      | Found Evuasuam's Antique Armour Emporium.
  5216 | D:5      | Bought an ancient leather armour for 133 gold pieces
  5226 | D:5      | Identified the cursed +1 leather armour "Maphat" {Int+7
                  | Dex-3} (You bought it in a shop on level 5 of the Dungeon)
  5823 | D:5      | Found a blossoming altar of Fedhas.
  5873 | D:5      | Noticed a two-headed ogre
  5894 | D:5      | Reached XP level 8. HP: 52/52 MP: 10/15
  6063 | D:6      | Reached skill level 5 in Spellcasting
  6182 | D:6      | Found a transporter.
  6257 | D:6      | Found the +3 Elemental Staff {rElec rF++ rC++ MR++ AC+5}
  6578 | D:6      | Reached skill level 10 in Ice Magic
  6834 | D:6      | Noticed kae's ghost (novice DsAK)
  6854 | D:6      | Found a transporter.
  6947 | D:6      | Found a stormy altar of Qazlal.
  6948 | D:6      | Noticed an air elemental
  6948 | D:6      | Noticed a water elemental
  7022 | D:6      | Found Liybrun's Jewellery Shop.
  7224 | D:6      | Noticed a wraith
  7344 | D:7      | Reached XP level 9. HP: 49/57 MP: 13/18
  7490 | D:7      | Noticed Duvessa
  7505 | D:7      | Reached skill level 1 in Fighting
  7553 | D:7      | Reached * piety under Sif Muna
  7825 | D:7      | Noticed Pikel
  7837 | D:7      | Killed Pikel
  7837 | D:7      | Reached skill level 5 in Dodging
  8371 | D:7      | Reached skill level 5 in Fighting
  8541 | D:7      | Noticed Harold
  8555 | D:7      | Killed Harold
  8555 | D:7      | Reached XP level 10. HP: 77/77 MP: 11/19
  8622 | D:7      | Noticed Dowan
  8630 | D:7      | Killed Duvessa
  8641 | D:7      | Killed Dowan
  8730 | D:7      | Noticed Maggie
  8737 | D:7      | Killed Maggie
  8904 | D:8      | Noticed a two-headed ogre
  8920 | D:8      | Killed a two-headed ogre
  9062 | D:8      | Reached skill level 10 in Dodging
  9151 | D:8      | Learned a level 4 spell: Hailstorm
  9156 | D:8      | Learned a level 4 spell: Summon Ice Beast
  9201 | D:8      | Found a flagged portal.
  9224 | Bailey   | Entered a bailey
  9257 | Bailey   | Reached ** piety under Sif Muna
  9393 | Bailey   | Noticed an orc knight
  9926 | Bailey   | Killed an orc knight
 10577 | D:8      | Noticed a two-headed ogre
 10591 | D:8      | Killed a two-headed ogre
 10591 | D:8      | Reached XP level 11. HP: 86/86 MP: 11/20
 10875 | D:8      | Noticed Psyche
 10876 | D:8      | Cast into level 1 of the Abyss (Psyche)
 10883 | D:8      | Escaped the Abyss
 10892 | D:8      | Killed Psyche
 11669 | D:9      | Killed a two-headed ogre
 11970 | D:9      | HP: 4/86 [bullfrog (3)]
 11980 | D:9      | Reached *** piety under Sif Muna
 12274 | D:9      | Found a staircase to the Lair.
 12977 | D:10     | Entered Level 10 of the Dungeon
 13007 | D:10     | Found Cepsak's Magic Scroll Shop.
 13010 | D:10     | Bought a scroll of identify for 24 gold pieces
 13034 | D:10     | Found Ejufikyto's Weapon Shop.
 13049 | D:10     | Reached **** piety under Sif Muna
 13133 | D:10     | Found Lastra's Food Shop.
 13239 | D:10     | Noticed a two-headed ogre
 13251 | D:10     | Killed a two-headed ogre
 13430 | D:10     | You fall into a shaft and drop 1 floor!
 13453 | D:11     | Reached skill level 10 in Fighting
 13590 | D:11     | Noticed a two-headed ogre
 13602 | D:11     | Killed a two-headed ogre
 13613 | D:11     | Noticed Sonja
 13793 | D:10     | Found a staircase to the Orcish Mines.
 13812 | D:10     | Killed an unseen horror
 13812 | D:10     | Reached XP level 12. HP: 59/100 MP: 5/21
 13977 | D:10     | Identified the +6 flail of Abuse {venom, rElec rF- MR+++
                  | Int-4}
 14368 | D:10     | Found Fiuklog's Antique Armour Shop.
 14415 | D:10     | Found Imicoow's Magic Scroll Boutique.
 14471 | D:10     | Bought a scroll of identify for 32 gold pieces
 14471 | D:10     | Bought a scroll of identify for 32 gold pieces
 14542 | D:10     | Bought a pair of ichor-stained gloves for 304 gold pieces
 14547 | D:10     | Identified the +1 pair of gloves of Jutenk {rCorr Dex+3}
                  | (You bought it in a shop on level 10 of the Dungeon)
 14629 | D:11     | Killed Sonja
 14715 | D:11     | Found an opulent altar of Gozag.
 14852 | D:11     | Reached ***** piety under Sif Muna
 14937 | D:11     | Noticed a two-headed ogre
 14938 | D:11     | Noticed Erolcha
 14946 | D:11     | Killed Erolcha
 14951 | D:11     | Killed a two-headed ogre
 15587 | D:11     | Found a sparkling altar of Nemelex Xobeh.
 15877 | D:11     | Identified Jiuz's Collected Works on Floating Poison (Sif
                  | Muna gifted it to you on level 11 of the Dungeon)
 15877 | D:11     | Received a gift from Sif Muna
 16053 | D:11     | Noticed Josephine
 16063 | D:11     | Identified the cursed +1 chain mail of Fashionability
                  | {rElec rC++ Regen+ Slay-5}
 16063 | D:11     | Noticed Grum
 16422 | Lair:1   | Entered Level 1 of the Lair of Beasts
 16911 | Lair:1   | Found a runed translucent door.
 16914 | Lair:1   | Noticed Malog's ghost (journeyman FoHu)
 16917 | Lair:1   | Identified the +4 trident of the Ancient Mice {drain, Int+4
                  | Dex+2}
 16918 | Lair:1   | Noticed a spriggan rider
 17524 | Lair:1   | Reached skill level 5 in Invocations
 17524 | Lair:1   | Reached skill level 5 in Evocations
 17524 | Lair:1   | Reached XP level 13. HP: 114/114 MP: 22/22
 17894 | Lair:2   | Reached skill level 1 in Staves
 18264 | Lair:2   | Reached XP level 14. HP: 120/121 MP: 13/23
 19063 | Lair:3   | Found a glowing golden altar of the Shining One.
 19312 | Lair:3   | Noticed Rupert
 19326 | Lair:3   | Killed Rupert
 19557 | Lair:3   | Found a hole to the Spider Nest.
 22173 | Lair:4   | Found a staircase to the Swamp.
 22436 | Lair:5   | Found a gate leading to a gauntlet.
 22461 | Gauntlet | Entered a Gauntlet
 22461 | Gauntlet | Found a transporter.
 22461 | Gauntlet | Found a transporter.
 22465 | Gauntlet | Found a transporter.
 22465 | Gauntlet | Found a transporter.
 22465 | Gauntlet | Found a transporter.
 22467 | Gauntlet | Found a large runed translucent door.
 22468 | Gauntlet | Found a large runed translucent door.
 22469 | Gauntlet | Found a large runed translucent door.
 22469 | Gauntlet | Found a large runed translucent door.
 22469 | Gauntlet | Found a runed translucent door.
 22469 | Gauntlet | Found a runed translucent door.
 22471 | Gauntlet | Found a large runed translucent door.
 22478 | Gauntlet | Found a transporter.
 22484 | Gauntlet | Found a transporter.
 22486 | Gauntlet | Found a transporter.
 22494 | Gauntlet | Found a large runed translucent door.
 22495 | Gauntlet | Found a large runed translucent door.
 22496 | Gauntlet | Found a large runed translucent door.
 22497 | Gauntlet | Found a runed translucent gate.
 22499 | Gauntlet | Found a transporter.
 22503 | Gauntlet | Found a runed translucent gate.
 22503 | Gauntlet | Found a transporter.
 22504 | Gauntlet | Found a runed translucent gate.
 22508 | Gauntlet | Found a large runed translucent door.
 22508 | Gauntlet | Found a large runed translucent door.
 22509 | Gauntlet | Found a large runed translucent door.
 22510 | Gauntlet | Found a large runed translucent door.
 22519 | Gauntlet | Found a large runed translucent door.
 22519 | Gauntlet | Found a large runed translucent door.
 22520 | Gauntlet | Found a large runed translucent door.
 22521 | Gauntlet | Found a large runed translucent door.
 22578 | Gauntlet | Found a transporter.
 22599 | Gauntlet | Found a transporter.
 22742 | Lair:5   | You fall into a shaft and drop 1 floor!
 22742 | Lair:6   | Entered Level 6 of the Lair of Beasts
 22909 | Lair:6   | Identified Sif Muna's Volume of Dislocated Stones (Sif Muna
                  | gifted it to you on level 6 of the Lair of Beasts)
 22909 | Lair:6   | Received a gift from Sif Muna
 23112 | Lair:6   | Reached skill level 5 in Staves
 24689 | Lair:6   | Reached XP level 15. HP: 112/127 MP: 16/24
 25439 | Lair:5   | Found a runed translucent gate.
 25439 | Lair:5   | Found a runed translucent gate.
 25439 | Lair:5   | Found a runed translucent gate.
 25440 | Lair:5   | Noticed Amnesiac's ghost (journeyman DEWz)
 25468 | Lair:5   | Reached skill level 10 in Invocations
 25577 | Lair:5   | Identified Sif Muna's Handbook of Contamination and Cold
                  | (Sif Muna gifted it to you on level 5 of the Lair of
                  | Beasts)
 25577 | Lair:5   | Received a gift from Sif Muna
 26293 | Lair:5   | Found a viscous altar of Jiyva.
 26293 | Lair:5   | Found a staircase to the Slime Pits.
 27030 | D:11     | Killed Josephine
 27406 | D:11     | Killed Grum
 27860 | D:12     | Noticed Nessos
 28059 | D:11     | HP: 6/127 [poisoned by Nessos]
 28830 | D:12     | Killed Nessos
 28881 | D:12     | Reached skill level 10 in Evocations
 29062 | D:12     | Slain by a vampire

Levels and vault maps discovered:
D:1:      dpeg_arrival_court, layout_loops_cross, serial_park_tiny_pond
D:2:      layout_basic
D:3:      layout_loops_corners, makhleb_heckhound_becter, xom_butterflies,
          nemelex_spade_bored_becter
D:4:      layout_loops_ring, gammafunk_temple_overflow_pools,
          minmay_temple_entry_antechambers, first_ration, portal_sewer_entry_f,
          palyth_stone_intersect, supply_closet_lemuel, xom_redecorated,
          uniq_edmund
D:5:      layout_rooms, basic_altar, serial_shops, nicolae_shop_statue_plus
D:6:      layout_basic, nicolae_qazlal_style_of_elements, serial_shops,
          nicolae_shop_waterfront, gammafunk_ghost_arena, kb_rosetta
D:7:      layout_loops_ring, grunt_livestock, uniq_pikel, uniq_harold,
          uniq_maggie, uniq_duvessa
D:8:      layout_loops_ring, enter_bailey_1, uniq_psyche
D:9:      layout_roguey, minmay_lair_entry_grove
D:10:     layout_loops_ring, erik_orc_4, serial_shops, nicolae_shop_stone, shop,
          shop, nicolae_shop_window_shopping, kennysheep_small_square
D:11:     layout_irregular_city, basic_altar,
          nicolae_gozag_cash_rules_everything_around_me, uniq_erolcha,
          uniq_josephine, uniq_sonja, uniq_grum
D:12:     lemuel_vampire_tower, layout_long_grid, serial_shops, shop,
          minivault_28, uniq_nessos
Temple:   minmay_crystal_spiral_temple
Lair:1:   layout_roguey, ebering_ghost_funeral_grove, grunt_megastairs_4,
          serial_bayou_shore_b
Lair:2:   layout_roguey, serial_bayou, serial_bayou_pond_b,
          serial_bayou_shore_b, serial_bayou_ford_a, serial_bayou_pond_c
Lair:3:   layout_roguey, spider_nest_entry_a, basic_altar, beast_lair_carwin_8,
          grunt_megastairs_3, serial_bayou_shore_b, uniq_rupert
Lair:4:   layout_hall_layers, nicolae_swamp_entry_splash_gauntlet
Lair:5:   layout_gridlike, slime_altar_1, ebering_ghost_rock_garden,
          gauntlet_entry_generic, lemuel_old_faithful
Lair:6:   hangedman_lair_tendril_chambers, layout_long_grid,
          serial_bayou_shore_b

Skill      XL: |  1  2  3  4  5  6  7  8  9 10 11 12 13 14 15 |
---------------+----------------------------------------------+-----
Ice Magic      | 5 6 7 9 10 11 12 14 | 14.0
Spellcasting   | 3 4 6 |  6.2
Fighting       | 6 8 11 14 | 14.3
Dodging        | 8 10 | 10.1
Invocations    | 5 6 9 10 | 10.9
Evocations     | 5 8 10 | 10.1
Staves         | 1 5 7 |  7.2
Stealth        | |  2.1

Action                   |  1- 3 |  4- 6 |  7- 9 | 10-12 | 13-15 || total
-------------------------+-------+-------+-------+-------+-------++-------
Melee: Spear             |    26 |   100 |   109 |       |       ||   235
       Unarmed           |     1 |       |       |       |       ||     1
       Staff             |       |       |    36 |   317 |   246 ||   599
       Tailslap          |       |       |       |       |     1 ||     1
 Cast: Freeze            |    35 |    48 |   137 |   357 |   518 ||  1095
       Frozen Ramparts   |       |     4 |    12 |    41 |    42 ||    99
       Ozocubu's Armour  |       |       |     4 |       |     1 ||     5
       Summon Ice Beast  |       |       |       |    14 |     4 ||    18
       Hailstorm         |       |       |       |    17 |     3 ||    20
Evoke: Wand              |       |       |       |     2 |       ||     2
  Use: Scroll            |       |     9 |     7 |    14 |     6 ||    36
       Potion            |       |     1 |       |     6 |     2 ||     9
 Stab: Sleeping          |     5 |     6 |     2 |     1 |       ||    14
       Invisible         |       |       |       |     1 |       ||     1
  Eat: Chunk             |     1 |    10 |    14 |    25 |    24 ||    74
       Ration            |       |       |       |     2 |     4 ||     6
Armor: Robe              |     4 |    10 |     1 |       |       ||    15
       Leather armour    |       |       |    72 |    16 |       ||    88
       Steam dragon scal |       |       |       |   199 |   190 ||   389
Dodge: Dodged            |    26 |    28 |   156 |   667 |   864 ||  1741

Table legend:
 A = Non-vault XP
 B = Vault XP
 C = Vault XP percentage of total XP
 D = Non-vault monster count
 E = Vault monster count
 F = Vault count percentage of total count
                 A         B        C        D         E       F
            +---------+---------+-------+---------+---------+-------
      Total |   50945 |   34084 |  40.1 |     360 |     164 |  31.3
            +---------+---------+-------+---------+---------+-------
        D:1 |      22 |       0 |   0.0 |      12 |       0 |   0.0
        D:2 |      76 |       0 |   0.0 |      20 |       0 |   0.0
        D:3 |      73 |      46 |  38.7 |      19 |       1 |   5.0
        D:4 |     180 |     171 |  48.7 |       5 |       4 |  44.4
        D:5 |     532 |       0 |   0.0 |      14 |       0 |   0.0
        D:6 |     761 |     332 |  30.4 |      19 |       3 |  13.6
        D:7 |     571 |    3310 |  85.3 |      11 |      10 |  47.6
        D:8 |    3435 |     448 |  11.5 |      31 |       1 |   3.1
        D:9 |    2331 |    1931 |  45.3 |      30 |      13 |  30.2
       D:10 |    3062 |     817 |  21.1 |      27 |      16 |  37.2
       D:11 |    6148 |    4905 |  44.4 |      47 |      16 |  25.4
       D:12 |    1012 |    4633 |  82.1 |      10 |      18 |  64.3
     Lair:1 |    3409 |     413 |  10.8 |      14 |       2 |  12.5
     Lair:2 |    3932 |    1102 |  21.9 |      17 |       4 |  19.0
     Lair:3 |    3593 |    4409 |  55.1 |      14 |       9 |  39.1
     Lair:4 |    6493 |     976 |  13.1 |      15 |       5 |  25.0
     Lair:5 |    7893 |       0 |   0.0 |      27 |       0 |   0.0
     Lair:6 |    7422 |    9492 |  56.1 |      28 |      34 |  54.8
      Sewer |       0 |     131 | 100.0 |       0 |      10 | 100.0
     Bailey |       0 |     968 | 100.0 |       0 |      18 | 100.0
            +---------+---------+-------+---------+---------+-------
